 Dungeon Crawl Stone Soup version 0.27-a0-1334-g2746e35aca (webtiles) character file.

Game seed: 5457734638928204984

11 spiderkeys the Skirmisher (level 2, 0/21 HPs)
             Began as an Octopode Abyssal Knight on June 26, 2021.
             Was an Initiate of Lugonu.
             Slain by a hobgoblin (1 damage)
             ... on level 1 of the Dungeon.
             The game lasted 00:01:37 (335 turns).

spiderkeys the Skirmisher (Octopode Abyssal Knight)  Turns: 335, Time: 00:01:38

Health: 0/21       AC:  1    Str: 11    XL:     2   Next: 25%
Magic:  3/3        EV: 13    Int: 14    God:    Lugonu [......]
Gold:   61         SH:  0    Dex: 11    Spells: 1/1 levels left

rFire    . . .     SeeInvis .   a - +1 spear
rCold    . . .     Faith    .   (no shield)
rNeg     . . .     Spirit   .   (helmet restricted)
rPois    .         Reflect  .   (no amulet)
rElec    .         Harm     .   (no ring)
rCorr    .         Rampage  .   (no ring)
Will     .....                  (no ring)
Stlth    ++........             (no ring)
HPRegen  0.07/turn              (no ring)
MPRegen  0.08/turn              (no ring)
                                (no ring)
                                (no ring)

@: no status effects
A: almost no armour, amphibious, 8 rings, camouflage 1, gelatinous body 1,
(nimble swimmer 1), tentacles
a: Renounce Religion


You were on level 1 of the Dungeon.
You worshipped Lugonu.
Lugonu was noncommittal.
You visited 1 branch of the dungeon, and saw 1 of its levels.
You visited the Abyss 1 time.

You collected 61 gold pieces.


Innate Abilities, Weirdness & Mutations

You cannot wear most types of armour.
You are amphibious.
You can wear up to eight rings at the same time.
Your skin changes colour to match your surroundings (Stealth+).
Your rubbery body absorbs attacks. (AC +1, EV +1)
((You are camouflaged near water. (Stealth+)))
You have tentacles for arms and can constrict up to eight enemies at once.


   Skills:
 + Level 3.1 Fighting
 + Level 2.2 Polearms
 + Level 2.5 Dodging
 + Level 2.2 Invocations


You had one spell level left.
You didn't know any spells.
Your spell library was empty.

Inventory:

Hand Weapons
 a - a +1 spear (weapon)
Missiles
 e - 2 atropa-tipped darts
Wands
 d - a wand of iceblast (8)
   (You found it on level 2 of the Abyss)
Potions
 b - a potion of might {unknown}
Miscellaneous
 c - a tin of tremorstones (1/2)
   (You found it on level 2 of the Abyss)

Dungeon Overview and Level Annotations

Branches:
Dungeon (1/15)

Altars:

#.. #.#.# .##?..
.#.# .# .#.....
.#.###.. ## .......
.......#.. #≈.....#
...#≈....#.
...#....##≈..##§....
..........≈#.....§.§
§§§§..b#g..#..#..§≈§
#≈§≈≈..@#........≈≈§
###≈≈≈.)†).#....§≈≈#
#######....#######
#....#..⌠#
##''##..##
#+##....##'#
#.......§§.#
#≈§≈..§.≈§≈#
##≈≈≈≈≈≈≈≈##


You could see a hobgoblin and a bat.


Message History

😮 HP[-3]
You take 3 damage, and now have 10/16 hp.
You are too injured to fight recklessly!
You are too injured to fight recklessly!
Unknown command.
The endoplasm hits you.
* * * LOW HITPOINT WARNING * * *
A rat comes into view. 😨 HP[-2]
You take 2 damage, and now have 8/16 hp.
A hobgoblin comes into view.
You hit the ball python.
You kill the ball python!
Lugonu accepts your kill. The endoplasm closely misses you.
You hit the rat.
You kill the rat!
Lugonu accepts your kill. The endoplasm closely misses you.
You hit the frilled lizard.
You kill the frilled lizard!
Lugonu accepts your kill.
A goblin comes into view. It is wielding a +0 dagger.
The endoplasm freezes you.
You are frozen.
* * * LOW HITPOINT WARNING * * *
😨 HP[-2]
You take 2 damage, and now have 6/16 hp.
The endoplasm misses you. The goblin hits you with a +0 dagger.
* * * LOW HITPOINT WARNING * * *
You see here a rat corpse. 😱 HP[-2]
You take 2 damage, and now have 4/16 hp.
You hit the goblin.
You kill the goblin!
Lugonu accepts your kill. The endoplasm closely misses you.
You see here a +0 dagger.
You hit the endoplasm.
You kill the endoplasm!
Lugonu accepts your kill.
You hit the rat.
You kill the rat!
Lugonu accepts your kill. The hobgoblin hits you.
* * * LOW HITPOINT WARNING * * *
Things that are here:
a rat corpse; a rat corpse; 😱 HP[-1]
You take 1 damage, and now have 3/16 hp.
You hit the hobgoblin. Your grab misses the hobgoblin.
The hobgoblin closely misses you.
You hit the hobgoblin.
You kill the hobgoblin!
Lugonu accepts your kill. The goblin barely misses you.
You have reached level 2! 😱 HP[+2] MP[+1]
You now have 21 max hp (+5).
You regained 2 hp, and now have 5/21 hp.
Your mp is fully restored (3).
You closely miss the goblin. You grab the goblin. You constrict the goblin.
The goblin hits you with a +0 dagger.
* * * LOW HITPOINT WARNING * * *
A dart slug comes into view. 😱 HP[-1]
You take 1 damage, and now have 4/21 hp.
You hit the goblin.
You kill the goblin!
Lugonu accepts your kill. The dart slug launches a dart at you.
The slug dart hits you.
* * * LOW HITPOINT WARNING * * *
You see here a +0 dagger. 😱 HP[-3]
You take 3 damage, and now have 1/21 hp.
Things that are here:
a rat corpse; a rat corpse A hobgoblin comes into view.
The hobgoblin shouts!
A bat comes into view.
The bat moves out of view.
You hit the dart slug. You grab the dart slug.
You constrict the dart slug. 😱 HP[+1]
You hit the dart slug. You constrict the dart slug.
The dart slug launches a dart at you. The slug dart misses you.
The hobgoblin closely misses you.
You hit the dart slug.
You kill the dart slug!
Lugonu accepts your kill. The hobgoblin hits you.
* * * LOW HITPOINT WARNING * * *
😱 HP[-1]
You take 1 damage, and now have 1/21 hp.
You hit the hobgoblin. You grab the hobgoblin.
You constrict the hobgoblin, but do no damage.
The bat closely misses you. The hobgoblin closely misses you.
You hit the hobgoblin.
You constrict the hobgoblin, but do no damage.
The bat closely misses you. The hobgoblin hits you.
You die...

Action                   || total
-------------------------++-------
Melee: Spear             ||    19
       Constrict         ||     3
Invok: Depart the Abyss  ||     1
Evoke: Tin of tremorston ||     1
  Use: Scroll            ||     2
Dodge: Dodged            ||    17

Levels and vault maps discovered:
D:1:      denvon_arrival_hothouse, layout_loops_ring,
          ebering_ecumenical_altar_rust

Notes
Turn   | Place    | Note
-------+----------+-------------------------------------------
     0 | Abyss:1  | spiderkeys the Octopode Abyssal Knight began the quest for
                  | the Orb.
     0 | Abyss:1  | Reached XP level 1. HP: 16/16 MP: 2/2
     0 | Abyss:1  | magus.rc [v1.9.10]
    38 | Abyss:2  | Found a corrupted altar of Lugonu.
    52 | Abyss:2  | Noticed a small abomination
    84 | Abyss:2  | Noticed a glowing orange brain
    95 | Abyss:2  | Noticed a tentacled starspawn
   109 | Abyss:2  | Noticed an iron imp
   114 | Abyss:2  | Noticed a small abomination
   115 | Abyss:2  | Noticed a large abomination
   150 | Abyss:3  | Noticed a quasit
   167 | Abyss:3  | Found a corrupted altar of Lugonu.
   184 | Abyss:3  | Noticed a tentacled starspawn
   201 | Abyss:3  | Noticed a small abomination
   201 | Abyss:3  | Noticed a large abomination
   201 | Abyss:3  | Noticed a raiju
   202 | Abyss:3  | Noticed a small abomination
   206 | D:1      | You pass through the gate.
   206 | D:1      | Escaped the Abyss
   313 | D:1      | HP: 4/16 [goblin (2)]
   318 | D:1      | HP: 3/16 [hobgoblin (1)]
   321 | D:1      | Reached XP level 2. HP: 5/21 MP: 3/3
   323 | D:1      | HP: 1/21 [dart slug/slug dart (3)]
   333 | D:1      | HP: 1/21 [hobgoblin (1)]
   335 | D:1      | Slain by a hobgoblin

Vanquished Creatures
  A dart slug (D:1)
  An endoplasm (D:1)
  2 goblins (D:1)
  A hobgoblin (D:1)
  A ball python (D:1)
  A frilled lizard (D:1)
  2 rats (D:1)
9 creatures vanquished.

Vanquished Creatures (others)
  3 starspawn tentacles (Abyss:2)
3 creatures vanquished.

Grand Total: 12 creatures vanquished

Table legend:
 A = Non-vault XP
 B = Vault XP
 C = Vault XP percentage of total XP
 D = Non-vault monster count
 E = Vault monster count
 F = Vault count percentage of total count
                 A         B        C        D         E       F
            +---------+---------+-------+---------+---------+-------
      Total |      16 |       0 |   0.0 |       9 |       0 |   0.0
            +---------+---------+-------+---------+---------+-------
        D:1 |      16 |       0 |   0.0 |       9 |       0 |   0.0
            +---------+---------+-------+---------+---------+-------

Illustrated notes

Table legend:
 A = Kills in this place as a percentage of kills in entire the game.
 B = Kills by you in this place as a percentage of kills by you in the entire game.
 C = Kills by friends in this place as a percentage of kills by friends in the entire game.
 D = Other kills in this place as a percentage of other kills in the entire game.
 E = Experience gained in this place as a percentage of experience gained in the entire game.
 F = Experience gained in this place divided by the number of levels of this place that you have seen.
                   A       B       C       D       E      F
               +-------+-------+-------+-------+-------+----------------------
         Total | 100.0 | 100.0 |   N/A |   N/A | 100.0 |   4.0
       Dungeon | 100.0 | 100.0 |   N/A |   N/A | 100.0 |  16.0
               +-------+-------+-------+-------+-------+----------------------

Table legend: (Time is in decaauts)
 A = Elapsed time spent in this place.
 B = Non-inter-level travel time spent in this place.
 C = Inter-level travel time spent in this place.
 D = Time resting spent in this place.
 E = Time spent auto-exploring this place.
 F = Levels seen in this place.
 G = Mean time per level.
                   A        B        C        D        E       F      G
               +--------+--------+--------+--------+--------+-----+--------+
         Total |    334 |    334 |      0 |      0 |    101 |   4 |   83.5 |
       Dungeon |    128 |    128 |      0 |      0 |     92 |   1 |  128.0 |
         Abyss |    205 |    205 |      0 |      0 |      9 |   3 |   68.3 |
               +--------+--------+--------+--------+--------+-----+--------+

Top non-repeatable levels by time:
     D:1: 128 daAuts
 Abyss:2: 85 daAuts
 Abyss:3: 83 daAuts
 Abyss:1: 36 daAuts
